 Dungeon Crawl Stone Soup version 0.24-a0-408-gcc1054c7ca (webtiles) character file.

Game seed: 9854233650866935554

56 GonzoGonzo the Sneak (level 3, -3/18 HPs)
             Began as a Spriggan Assassin on June 5, 2019.
             Slain by a worm (8 damage)
             ... on level 2 of the Dungeon.
             The game lasted 00:09:28 (1778 turns).

GonzoGonzo the Sneak (Spriggan Assassin)            Turns: 1778, Time: 00:09:28

Health: -3/18      AC:  3    Str:  7    XL:     3   Next: 71%
Magic:  4/4        EV: 18    Int: 12    God:
Gold:   39         SH:  0    Dex: 18    Spells: 2/2 levels left

rFire    . . .     SeeInvis +   a - +2 dagger
rCold    . . .     Gourm    .   (shield restricted)
rNeg     . . .     Faith    .   i - +0 robe
rPois    .         Spirit   .   (helmet restricted)
rElec    .         Reflect  .   c - +0 cloak
rCorr    .         Harm     .   (gloves unavailable)
MR       .....                  (boots unavailable)
Stlth    ++++......             (no amulet)
HPRegen  0.06/turn              (no ring)
MPRegen  0.09/turn              (no ring)

@: lethally poisoned (-3 -> -6), very quick
A: very small, unfitting armour, see invisible, herbivore, speed 3, slow
metabolism 2
a: no special abilities


You were on level 2 of the Dungeon.
You were not hungry.

You visited 1 branch of the dungeon, and saw 2 of its levels.

You collected 39 gold pieces.

Inventory:

Hand Weapons
 a - a +2 dagger (weapon)
Missiles
 d - 8 poisoned darts (quivered)
 e - 2 curare-tipped darts
 l - 21 arrows
 m - 16 bolts
Armour
 b - a +0 robe
 c - a +0 cloak (worn)
 i - a +0 robe (worn)
Scrolls
 g - a scroll of identify
 h - 2 scrolls of teleportation
 j - a scroll of enchant armour {unknown}
Potions
 k - a potion of brilliance
Comestibles
 f - 5 rations


   Skills:
 + Level 1.9 Fighting
 + Level 2.8 Short Blades
 + Level 2.2 Throwing
 + Level 2.3 Dodging
 + Level 7.0 Stealth


You had 2 spell levels left.
You didn't know any spells.
Your spell library was empty.

Dungeon Overview and Level Annotations

Branches:
Dungeon (2/15)

Altars:


Innate Abilities, Weirdness & Mutations

You are very small and have problems with some larger weapons.
You are too small for most types of armour.
You have supernaturally acute eyesight. (SInv)
You are a herbivore.
You cover ground extremely quickly.
You need to consume almost no food.


Message History

You completely miss the worm.
The worm is severely wounded.
The worm misses you.
You barely miss the worm.
The worm is heavily wounded.
You completely miss the worm.
The worm is heavily wounded.
You feel sick. The worm bites you.
* * * LOW HITPOINT WARNING * * *
You hit the worm.
The worm is severely wounded.
You hit the worm but do no damage.
The worm is severely wounded.
The worm bites you but does no damage.
You hit the worm.
The worm is severely wounded.
You hit the worm.
The worm is almost dead.
The worm bites you!
You die...

.# #.....######....#
.# #.....# #......#
#. .# #.....#
#.#.#..#.. .#
#.....####......#.###
.#
#...#......#.#......
.#
#..†###...........#
.###...#
#...........#
....####
#...........# ....#
#.....w@....# ....#
#...........# ....#
#....†......# ....#
######......# ....#
#...#### ....# #####
....# ....# ....#


You could see a worm.

Vanquished Creatures
  An adder (D:2)
  A worm (D:2)
  3 giant cockroaches
  5 goblins
  4 hobgoblins
  8 jackals (D:2)
  3 kobolds
  2 ball pythons (D:2)
  4 bats
  2 frilled lizards
  9 rats
  A plant (D:1)
43 creatures vanquished.

Notes
Turn   | Place    | Note
-------+----------+-------------------------------------------
     0 | D:1      | GonzoGonzo the Spriggan Assassin began the quest for the
                  | Orb.
     0 | D:1      | Reached XP level 1. HP: 10/10 MP: 2/2
   137 | D:1      | Reached skill level 6 in Stealth
   439 | D:1      | Reached XP level 2. HP: 15/15 MP: 3/3
  1074 | D:2      | Reached XP level 3. HP: 14/18 MP: 4/4
  1763 | D:2      | Reached skill level 7 in Stealth
  1778 | D:2      | Slain by a worm

Levels and vault maps discovered:
D:1:      lightli_arrival_flooded_house, layout_basic, serial_glass,
          glass_columns_a, glass_columns_c, dk_noncrumbling_3
D:2:      layout_basic, lemuel_crystal_altar, serial_glass, glass_columns_b,
          glass_columns_a, glass_columns_a, glass_columns_b, glass_columns_a,
          glass_columns_b, minmay_strange_pillars, feat_on_display,
          grunt_ministairs_11

Skill      XL: |  1  2  3 |
---------------+----------+-----
Stealth        | 6 7 |  7.0
Dodging        | 2 |  2.3
Fighting       | |  1.9
Short Blades   | |  2.8
Throwing       | |  2.2

Action                   || total
-------------------------++-------
Melee: Dagger            ||   264
  Use: Potion            ||     8
       Scroll            ||     1
 Stab: Sleeping          ||    12
Armor: Robe              ||    19
Dodge: Dodged            ||   114

Table legend:
 A = Non-vault XP
 B = Vault XP
 C = Vault XP percentage of total XP
 D = Non-vault monster count
 E = Vault monster count
 F = Vault count percentage of total count
                 A         B        C        D         E       F
            +---------+---------+-------+---------+---------+-------
      Total |      75 |       6 |   7.4 |      40 |       2 |   4.8
            +---------+---------+-------+---------+---------+-------
        D:1 |      27 |       0 |   0.0 |      18 |       0 |   0.0
        D:2 |      48 |       6 |  11.1 |      22 |       2 |   8.3
            +---------+---------+-------+---------+---------+-------
